 Dungeon Crawl Stone Soup version 0.30-a0-358-g0d69a1922f (webtiles) character file.

Game seed: 660344940013909944

5 Ackmard the Magician (level 1, -4/15 HPs)
             Began as a Djinni Hedge Wizard on Nov 11, 2022.
             Slain by Terence
             ... wielding a +2 trident of freezing
              (8 damage)
             ... on level 2 of the Dungeon.
             The game lasted 00:00:58 (351 turns).

Ackmard the Magician (Djinni Hedge Wizard)           Turns: 351, Time: 00:00:59

Health: -4/15      AC:  2    Str:  9    XL:     1   Next: 88%
Gold:   17         EV: 12    Int: 15    God:
                   SH:  0    Dex: 12

rFire   + + .      SeeInvis .    (no weapon)
rCold   x . .      Faith    .    (no shield)
rNeg    . . .      Spirit   .    b - +0 robe
rPois   ∞          Reflect  .    c - +0 hat
rElec   .          Harm     .    (no cloak)
rCorr   .          Rampage  .    (no gloves)
Will    .....                    (boots unavailable)
Stlth   ++........               (no amulet)
HPRegen 0.22/turn                (no ring)
MPRegen 0.00/turn                (no ring)

@: flying, very slightly contaminated
A: sickness immunity, fire resistance 2, cold vulnerability 1, float, innate
caster, HP casting, extra vitality 1
a: no special abilities


You were on level 2 of the Dungeon.
You visited 1 branch of the dungeon, and saw 2 of its levels.

You collected 17 gold pieces.

Inventory:

Armour
 b - a +0 robe (worn)
 c - a +0 hat (worn)
Scrolls
 a - a scroll of identify {unknown}
Potions
 d - 4 potions of curing {unknown}
 e - a potion of degeneration {unknown}


   Skills:
 + Level 2.2 Dodging
 + Level 1.6 Stealth
 + Level 2.6 Spellcasting


You couldn't memorise any spells.
You knew the following spells:

 Your Spells              Type           Power      Damage    Failure   Level
a - Magic Dart            Conj           36%        1d4       7%          1
b - Slow                  Hex            36%        N/A       7%          1
c - Blink                 Tloc           18%        N/A       11%         2
d - Call Imp              Summ           9%         N/A       11%         2
e - Cigotuvi's Dreadful   Necr/Pois/Air  18%        N/A       11%         2
f - Mephitic Cloud        Conj/Pois/Air  9%         N/A       22%         3
Your spell library was empty.

Dungeon Overview and Level Annotations

Branches:
Dungeon (2/15)

Altars:

Annotations:
D:2 Terence


Innate Abilities, Weirdness & Mutations

You are immune to sickness and miasma.
You are immune to poison.
Your flesh is very heat resistant. (rF++)
You are vulnerable to cold. (rC-)
You float through the air rather than walking.
You learn spells naturally, not from books.
Your magical power is your life essence.
You have superior vitality. (+4 MHP)


Message History

The ball python hisses angrily.
The magic dart hits the ball python.
You kill the ball python!
d - 4 fizzy cyan potions (gained 2)
You see here a ball python corpse.
Terence the Incautious comes into view.
He is wielding a +2 trident of freezing.
Found two stone staircases leading up.
Terence shouts!
The magic dart hits Terence but does no damage.
The magic dart hits Terence but does no damage.
You miscast Magic Dart.
You are very lightly contaminated with residual magic.
Nothing appears to happen.
The magic dart hits Terence but does no damage.
The magic dart hits Terence.
Terence is lightly wounded.
Terence closely misses you.
The magic dart hits Terence but does no damage.
Terence is lightly wounded.
Terence barely misses you.
The magic dart hits Terence but does no damage.
Terence is lightly wounded.
Terence barely misses you.
The magic dart hits Terence but does no damage.
Terence is lightly wounded.
Terence hits you from afar with a +2 trident of freezing.
Terence freezes you.
* * * LOW HITPOINT WARNING * * *
Casting: Magic Dart (safe; 7% risk of failure)
Confirm with . or Enter, or press ? or * to list all spells.
Aiming: Slow (safe; 7% risk of failure)
Press: ? - help, Shift-Dir - straight line, f/p - Terence
Aim: Terence, wielding a +2 trident of freezing and wearing a +0 chain mail (lightly wounded, chance to affect: 51%)
Okay, then.
Casting: Slow (safe; 7% risk of failure)
Confirm with . or Enter, or press ? or * to list all spells.
You aren't experienced enough to cast this spell.
Terence hits you with a +2 trident of freezing!
Ouch! That really hurt!
You die...

########.####.# #......#
.# #################.#
......†.........#.#
###############.#.######
# #.#....... #
#.#.......
###############.#.......
..............#.@.......
#############.#@........
....# #.#.........
#.#.####### #.#.......<.
#.#.......# #.#.........
#.#.......###.#.........
..#...........#....<....
###.......#####.........
..........'...#


You could see Terence.

Vanquished Creatures
  2 ball pythons
  An endoplasm (D:2)
  A frilled lizard (D:2)
  A rat (D:2)
5 creatures vanquished.

Notes
Turn   | Place    | Note
-------+----------+-------------------------------------------
     0 | D:1      | Ackmard the Djinni Hedge Wizard began the quest for the
                  | Orb.
     0 | D:1      | Ackmard set off with the following spells memorised: Magic
                  | Dart, Slow, Blink, Call Imp, Cigotuvi's Dreadful Rot,
                  | Mephitic Cloud.
     0 | D:1      | Reached XP level 1. HP: 15/15 MP: 0/0
    74 | D:1      | You are sucked into a shaft and drop 1 floor!
   155 | D:2      | Identified the +2 leather armour of the Catamount {rN+
                  | Str+4 Int+3 Dex+2}
   342 | D:2      | Noticed Terence
   351 | D:2      | Slain by Terence

Illustrated notes

Levels and vault maps discovered:
D:1:      heliophobic_arrival_dark_side_of_the_moon, layout_loops_ring
D:2:      layout_basic, uniq_terence

Action                   || total
-------------------------++-------
 Cast: Magic Dart        ||    20
Armor: Robe              ||     1
Dodge: Dodged            ||     3

Table legend: (Time is in decaauts)
 A = Elapsed time spent in this place.
 B = Non-inter-level travel time spent in this place.
 C = Inter-level travel time spent in this place.
 D = Time resting spent in this place.
 E = Time spent auto-exploring this place.
 F = Levels seen in this place.
 G = Mean time per level.
                   A        B        C        D        E       F      G
               +--------+--------+--------+--------+--------+-----+--------+
         Total |    350 |    350 |      0 |      0 |    314 |   2 |  175.0 |
       Dungeon |    350 |    350 |      0 |      0 |    314 |   2 |  175.0 |
               +--------+--------+--------+--------+--------+-----+--------+

Top non-repeatable levels by time:
     D:2: 276 daAuts
     D:1: 74 daAuts
